 Dungeon Crawl Stone Soup version 0.28.0-49-g6dfe1f597d (webtiles) character file.

Game seed: 6884626080792874611

27 pkoi the Insei (level 2, -2/24 HPs)
             Began as a Demigod Gladiator on May 13, 2022.
             Slain by Terence
             ... wielding a +1 short sword of protection
              (7 damage)
             ... on level 2 of the Dungeon.
             The game lasted 00:01:05 (1199 turns).

pkoi the Insei (Demigod Gladiator)                  Turns: 1199, Time: 00:01:05

Health: -2/24      AC:  6    Str: 15    XL:     2   Next: 72%
Magic:  4/4        EV: 11    Int: 10    God:
Gold:   71         SH:  0    Dex: 15    Spells: 1/1 levels left

rFire   . . .      SeeInvis .   d - +0 short sword (venom)
rCold   . . .      Faith    .   (no shield)
rNeg    . . .      Spirit   .   h - +0 ring mail
rPois   .          Reflect  .   b - +0 helmet
rElec   .          Harm     .   (no cloak)
rCorr   .          Rampage  .   (no gloves)
Will    .....                   (no boots)
Stlth   +.........              (no amulet)
HPRegen 0.08/turn               (no ring)
MPRegen 0.09/turn               (no ring)

@: no status effects
A: high MP 1, forlorn, divine attributes
a: no special abilities


You were on level 2 of the Dungeon.
You visited 1 branch of the dungeon, and saw 2 of its levels.

You collected 71 gold pieces.

Inventory:

Hand Weapons
 d - a +0 short sword of venom (weapon)
Missiles
 c - 3 throwing nets (quivered)
Armour
 a - a +0 leather armour
 b - a +0 helmet (worn)
 h - a +0 ring mail (worn)
Scrolls
 f - a scroll of immolation {unknown}
Potions
 e - a potion of heal wounds {unknown}
 g - a potion of brilliance {unknown}
 i - a potion of berserk rage {unknown}


   Skills:
 + Level 2.1 Fighting
 - Level 1.7 Throwing
 + Level 0.8 Armour
 + Level 2.9 Dodging
 + Level 3.1 Unarmed Combat


You had one spell level left.
You didn't know any spells.
Your spell library contained the following spells:

 Spells                   Type           Power      Damage    Failure   Level
 Scorch                   Fire           0%         2d5       75%         2
 Tukima's Dance           Hex            0%         N/A       92%         3
 Anguish                  Hex/Necr       0%         N/A       100%        4
 Flame Wave               Conj/Fire      0%         2d4       100%        4
 Summon Cactus Giant      Summ           0%         N/A       100%        6
 Enfeeble                 Hex            0%         N/A       100%        7


Dungeon Overview and Level Annotations

Branches:
Dungeon (2/15)

Shops:
D:1 (   D:2 !:

Annotations:
D:2 Terence


Innate Abilities, Weirdness & Mutations

You have an increased reservoir of magic. (+10% MP)
You shall have no god before yourself.
Your divine heritage dramatically boosts your attributes as you level up.


Message History

Terence the Incautious comes into view.
He is wielding a +1 short sword of protection and wearing a +2 scale mail of willpower.
Terence shouts!
The bat hits you but does no damage. The bat barely misses you.
The bat hits you but does no damage.
Found Tetanani's Distillery.
The bat barely misses you.
A kobold comes into view. It is wielding a +0 dagger.
The kobold shouts!
The bat completely misses you.
The kobold moves out of view.
You hit the bat.
The bat is poisoned.
The bat is moderately wounded.
The bat misses you. The bat hits you but does no damage.
You barely miss the bat.
The bat is moderately wounded.
The bat hits you but does no damage. The bat closely misses you.
Terence hits you with a +1 short sword of protection.
* * * LOW HITPOINT WARNING * * *
You barely miss Terence.
You kill the bat!
Terence hits you with a +1 short sword of protection.
* * * LOW HITPOINT WARNING * * *
The kobold throws a stone.
The stone hits you but does no damage.
You hit Terence but do no damage.
Terence is poisoned.
Terence closely misses you.
You hit Terence but do no damage.
Terence is lightly wounded.
Terence hits you with a +1 short sword of protection.
* * * LOW HITPOINT WARNING * * *
You hit Terence but do no damage.
Terence looks even sicker.
Terence is lightly wounded.
Terence hits you with a +1 short sword of protection.
* * * LOW HITPOINT WARNING * * *
The kobold throws a stone.
The stone closely misses you.
Terence bares his teeth.
Terence hits you with a +1 short sword of protection.
* * * LOW HITPOINT WARNING * * *
Terence looks scornfully at you.
You hit Terence but do no damage. You punch Terence, but do no damage.
Terence is heavily wounded.
Terence hits you with a +1 short sword of protection!
You die...

##.. # ...# .#$# #..
...# #8.########.#
#.##<..K.......#
#.8.∩.8.##.###.#
####=...##.###.#####
#8...##.###.##..# #
#....##..K@@....#.#
####..#.#####.....#
.....# ##.####
.#..## #.#
.#..#######.#
..>#...†...#
#####.#######
#.....# #.##### ###


You could see Terence (poisoned) and a kobold.

Vanquished Creatures
  3 ball pythons
  5 bats
  An endoplasm (D:2)
  2 giant cockroaches (D:1)
  A goblin (D:1)
  2 hobgoblins (D:1)
  2 jackals (D:1)
  2 kobolds (D:1)
  2 quokkas
  A frilled lizard (D:2)
  2 rats (D:1)
23 creatures vanquished.

Notes
Turn   | Place    | Note
-------+----------+-------------------------------------------
     0 | D:1      | pkoi the Demigod Gladiator began the quest for the Orb.
     0 | D:1      | Reached XP level 1. HP: 17/17 MP: 3/3
    63 | D:1      | Reached skill level 3 in Unarmed Combat
   204 | D:1      | Found Busonoer's Weapon Emporium.
   292 | D:1      | Reached XP level 2. HP: 19/24 MP: 4/4
  1172 | D:2      | Found Kozocyhu's Book Shoppe.
  1180 | D:2      | Noticed Terence
  1182 | D:2      | Found Tetanani's Distillery.
  1199 | D:2      | Slain by Terence

Illustrated notes

Levels and vault maps discovered:
D:1:      matt_arrival_grand_opening, layout_basic, serial_shops, shop,
          st_stairs_14, amethyst_killhole, nicolae_figureground_sparkle
D:2:      layout_basic, serial_shops, shop, nicolae_shop_trees,
          nicolae_shop_statue_plus, minmay_misc_feat_encased, uniq_robin,
          uniq_terence

Skill      XL: |  1  2 |
---------------+-------+-----
Unarmed Combat | 3 |  3.1
Fighting       | 2 |  2.1
Throwing       | |  1.7
Armour         | |  0.8
Dodging        | |  2.9

Action                   || total
-------------------------++-------
Melee: Short sword       ||    76
       Punch             ||     3
 Stab: Sleeping          ||     2
Armor: Leather armour    ||    15
       Ring mail         ||    19
Dodge: Dodged            ||    57
